 Dungeon Crawl Stone Soup version 0.16.1 (webtiles) character file.

2061 maniek23 the Ducker (level 9, -6/73 HPs)
             Began as a Pale Draconian Transmuter on Mar 23, 2015.
             Was an Initiate of the Shining One.
             Mangled by a yak (15 damage)
             ... on level 5 of the Dungeon.
             The game lasted 00:27:17 (6274 turns).

maniek23 the Ducker (Pale Draconian Transmuter)     Turns: 6274, Time: 00:27:17

Health: -6/73      AC: 10    Str: 15    XL:     9   Next: 5%
Magic:  19/19      EV: 15    Int: 14    God:    the Shining One [......]
Gold:   241        SH:  0    Dex: 15    Spells: 3 memorised, 10 levels left

rFire  . . .     SeeInvis +     a - +7 quarterstaff (speed)
rCold  . . .     Clarity  .     (armour unavailable)
rNeg   . . .     SustAb   .     (no shield)
rPois  .         Gourm    .     (helmet restricted)
rElec  .         Spirit   .     (no cloak)
rCorr  .         Warding  .     c - +2 pair of gloves
rMut   .         Stasis   .     (no boots)
MR     .....                    (no amulet)
Stlth  ++........               r - ring of see invisible
                                m - +3 ring of dexterity

@: not resistant to hostile enchantments, unstealthy
A: breathe steam, unfitting armour, cold-blooded, AC +7
a: Breathe Steam, Renounce Religion


You were on level 5 of the Dungeon.
You worshipped the Shining One.
The Shining One was noncommittal.
You were very hungry.

You visited 2 branches of the dungeon, and saw 7 of its levels.
You also visited: Sewer.

You collected 241 gold pieces.

Inventory:

Hand weapons
 a - a +7 quarterstaff of speed (weapon)
 q - a +1 whip of draining
 y - a +1 spear of piercing
Missiles
 b - 85 arrows
 s - 38 arrows of frost
Armour
 c - a +2 pair of gloves (worn)
 C - the cursed +6 large shield of Ignorance {rN+ AC+2 EV+2 Int-6 Curse}
   (You found it on level 6 of the Dungeon)

   It affects your AC (+2).
   It affects your evasion (+2).
   It affects your intelligence (-6).
   It protects you from negative energy.
   It may re-curse itself when equipped.
   It has a curse placed upon it.
Jewellery
 m - a +3 ring of dexterity (left hand)
 n - an uncursed ring of magical power
 r - a ring of see invisible (right hand)
Magical devices
 B - a wand of magic darts (4)
Scrolls
 o - a scroll of blinking
 t - 2 scrolls of amnesia
 w - a scroll of enchant weapon
 x - 2 scrolls of identify
Potions
 e - 2 potions of cure mutation {unknown}
 f - a potion of brilliance {unknown}
 i - a potion of curing
 j - 2 potions of might {unknown}
 k - a potion of invisibility {unknown}
 l - a potion of restore abilities {unknown}
 p - 3 potions of agility {unknown}
 v - 2 potions of lignification {unknown}
 z - a potion of degeneration {unknown}
Books
 d - a book of Changes

   Spells                             Type                      Level
   a - Beastly Appendage              Transmutation                1
   b - Sticks to Snakes               Transmutation                2
   c - Spider Form                    Transmutation/Poison         3
   d - Ice Form                       Ice/Transmutation            4
   e - Blade Hands                    Transmutation                5
Comestibles
 g - 6 fruits
 h - 4 meat rations
 u - a bread ration


   Skills:
 + Level 4.9 Fighting
 + Level 1.0(2.6) Maces & Flails
 + Level 4.0 Staves
 + Level 6.2 Dodging
 + Level 1.5 Stealth
 + Level 3.7 Unarmed Combat
 + Level 4.0 Spellcasting
 * Level 5.5 Transmutations
 + Level 1.1 Poison Magic
 + Level 2.1 Evocations


You had 10 spell levels left.
You knew the following spells:

 Your Spells              Type           Power        Failure   Level  Hunger
a - Beastly Appendage     Trmt           ###...       1%          1    None
b - Sticks to Snakes      Trmt           ###.......   2%          2    ##.....
c - Spider Form           Trmt/Pois      ##........   17%         3    ###....


Dungeon Overview and Level Annotations

Branches:
Dungeon (6/15)             Temple (1/1) D:5

Altars:
Dithmenos
Elyvilon
Fedhas
Makhleb
Nemelex Xobeh
Qazlal
Ru
Sif Muna
Trog
Vehumet
Yredelemnul
The Shining One


Innate Abilities, Weirdness & Mutations

You can breathe blasts of scalding steam.
Your pale cyan-grey scales are hard (AC +7).
Your body does not fit into most forms of armour.
Your cold-blooded metabolism reacts poorly to cold.


Message History

You hit the yak!
The yak is almost dead.
The yak misses you. The yak gores you!
* * * LOW HITPOINT WARNING * * *
The yak gores you but does no damage. The yak barely misses you.
You climb upwards.
There is a stone staircase leading down, spattered with blood here.
The yak gores you.
* * * LOW HITPOINT WARNING * * *
You see here a yak skeleton.
The yak gores you!
* * * LOW HITPOINT WARNING * * *
The yak barely misses you.
Your transformation is almost over.
Your horns disappear.
Things that are here:
a robe; a dagger of draining
There is an escape hatch in the floor here.
The yak gores you!
You die...

#...#.....# #.
##...#.....####.
#....#......#...
#....####...'<..
#...#.......#...
#(..#Y......###.
#####.....######
#######.....##....
#@YY..[.###.##....
#.......# #..+....
#.......######....
#..........# #....
#..........# #....
#..........######.
######............
#............
########............


You could see 2 yaks.

Vanquished Creatures
  4 yaks
  4 ice beasts
  An ogre (D:5)
  A centaur (D:6)
  A giant frog (Sewer)
  A gnoll sergeant (D:6)
  A scorpion (D:5)
  2 hounds
  A crimson imp (D:6)
  A jelly (D:3)
  3 orc priests
  2 worker ants
  5 orc wizards
  An iguana (D:4)
  13 gnolls
  9 adders
  2 giant mites
  A worm (D:3)
  An adder skeleton (D:4)
  14 orcs
  6 ball pythons
  8 bats
  6 hobgoblins
  2 jackals (D:1)
  14 kobolds
  13 giant cockroaches
  4 giant geckos
  4 giant newts
  6 goblins
  2 quokkas
  A quokka zombie (D:5)
  8 rats
142 creatures vanquished.

Vanquished Creatures (collateral kills)
  A giant frog (Sewer)
  An adder (D:3)
2 creatures vanquished.

Grand Total: 144 creatures vanquished

Notes
Turn   | Place    | Note
--------------------------------------------------------------
     0 | D:1      | maniek23, the Draconian Transmuter, began the quest for the Orb.
     0 | D:1      | Reached XP level 1. HP: 16/16 MP: 3/3
   126 | D:1      | Reached XP level 2. HP: 18/23 MP: 4/4
   150 | D:1      | Learned a level 2 spell: Sticks to Snakes
   705 | D:2      | Reached XP level 3. HP: 17/28 MP: 4/6
  1065 | D:2      | Learned a level 3 spell: Spider Form
  1429 | D:3      | Found a glowing drain.
  1445 | D:3      | Reached XP level 4. HP: 31/35 MP: 1/7
  1457 | Sewer    | Entered a sewer
  1872 | Sewer    | Noticed a giant frog
  1879 | Sewer    | Killed a giant frog
  1879 | Sewer    | Reached XP level 5. HP: 27/41 MP: 3/9
  1883 | Sewer    | Noticed a giant frog
  1893 | Sewer    | Killed a giant frog
  2244 | D:3      | Reached skill level 1 in Stealth
  2348 | D:3      | Reached XP level 6. HP: 50/50 MP: 11/11
  2409 | D:3      | Reached skill level 4 in Dodging
  2422 | D:3      | Reached skill level 1 in Maces & Flails
  2621 | D:3      | Reached skill level 1 in Staves
  3232 | D:4      | Your scales start fading to a pale cyan-grey colour.
  3232 | D:4      | Reached XP level 7. HP: 55/57 MP: 11/14
  3964 | D:5      | Entered Level 5 of the Dungeon
  4016 | D:5      | Found a staircase to the Ecumenical Temple.
  4052 | Temple   | Entered the Ecumenical Temple
  4158 | Temple   | Became a worshipper of the Shining One
  4431 | D:5      | Reached skill level 5 in Dodging
  5170 | D:5      | Reached XP level 8. HP: 26/66 MP: 16/16
  5518 | D:6      | Reached skill level 1 in Evocations
  5907 | D:6      | Reached skill level 6 in Dodging
  5914 | D:6      | Reached skill level 5 in Transmutations
  5918 | D:6      | Reached skill level 1 in Poison Magic
  5947 | D:5      | Reached XP level 9. HP: 5/72 MP: 16/18
  6274 | D:5      | Mangled by a yak

Action                   |  1- 3 |  4- 6 |  7- 9 || total
-------------------------+-------+-------+-------++-------
Melee: Unarmed           |   121 |    24 |    33 ||   178
       Whip              |    17 |    74 |       ||    91
       Quarterstaff      |       |    65 |   179 ||   244
 Cast: Beastly Appendage |     3 |     6 |     8 ||    17
       Sticks to Snakes  |     2 |     6 |       ||     8
       Spider Form       |       |     3 |     3 ||     6
 Abil: Breathe Steam     |       |       |     4 ||     4
Evoke: Wand              |       |       |    14 ||    14
  Use: Scroll            |       |     2 |     7 ||     9
  Eat: Chunk             |     1 |     7 |     5 ||    13
       Fruit             |       |     1 |       ||     1
       Bread ration      |       |       |     1 ||     1
